[Event "Late-Titled-Tuesday-Blitz-March-19-2024"]
[Site "Chess.com"]
[Date "2024.03.19"]
[Round "3"]
[White "BabageldiAnnaberdiyev"]
[Black "kinga2008"]
[Result "1-0"]
[WhiteElo "2627"]
[BlackElo "2381"]
[TimeControl "180+1"]
[EndTime "14:27:44 PDT"]
[Termination "BabageldiAnnaberdiyev won by resignation"]

1. e4 c5 2. Nf3 Nc6 3. d3 e5 4. Nbd2 Nf6 5. g3 d5 6. Bg2 dxe4 7. dxe4 Bg4 8. h3 Bh5 9. O-O Be7 10. c3 O-O 11. Qe2 Qd7 12. Rd1 Rad8 13. Re1 Qd3 14. Qxd3 Rxd3 15. g4 Bg6 16. Bf1 Rd7 17. Nh4 Rfd8 18.
Nxg6 hxg6 19. Nc4 Ne8 20. a4 Nd6 21. Nxd6 Rxd6 22. Be3 b6 23. Bc4 Na5 24. Bd5 Nc6 25. Kf1 Kf8 26. Ke2 Bh4 27. Red1 Ne7 28. Bb3 Rxd1 29.
Bxd1 Rxd1 30. Rxd1 Ke8 31. a5 Nc8 32. axb6 axb6 33.
Ra1 Bd8 34. Ra8 Kd7 35. f3 Kc7 36. Ra1 Nd6 37. Kd3 Kb7 38. Rh1 Bh4 39. b3 Kc6 40. g5 f5 41. gxf6 gxf6 42. Rg1 g5 43. Rg2 Ne8 44.
Ra2 Kb7 45. b4 cxb4 46. cxb4 Be1 47. Kc4 Kc6 48. b5+ Kb7 49. Bd2 Bf2 50. Bb4 Nc7 51. Rxf2 1-0

[Event "Late-Titled-Tuesday-Blitz-March-19-2024"]
[Site "Chess.com"]
[Date "2024.03.19"]
[Round "3"]
[White "dropstoneDP"]
[Black "FrankDux44"]
[Result "1-0"]
[WhiteElo "2984"]
[BlackElo "2716"]
[TimeControl "180+1"]
[EndTime "14:27:45 PDT"]
[Termination "dropstoneDP won by resignation"]

1. e4 c5 2. Nf3 d6 3. d4 cxd4 4.
Nxd4 Nf6 5. Nc3 g6 6. Be2 Bg7 7. Be3 O-O 8. Qd2 Nc6 9. h4 d5 10. h5 dxe4 11. O-O-O Nxd4 12. Bxd4 Qc7 13. h6 Bh8 14.
Qe3 Be6 15. Kb1 Rac8 16. Rd2 a6 17. Rhd1 b5 18. a3 Qc6 19. Qf4 Rfe8 20. g4 Qd6 21.
Be5 Qc5 22. Bd4 Qd6 23. Qxd6 exd6 24. g5 Ng4 25. Bxh8 Kxh8 26. Bxg4 Bxg4 27. Re1 Bf5 28.
Rxd6 Rcd8 29. Rxd8 Rxd8 30. Nxe4 Re8 31. f3 f6 32.
gxf6 Bxe4 33. f7 1-0

[Event "Late-Titled-Tuesday-Blitz-March-19-2024"]
[Site "Chess.com"]
[Date "2024.03.19"]
[Round "3"]
[White "kingofthenil"]
[Black "Polish_fighter3000"]
[Result "0-1"]
[WhiteElo "2767"]
[BlackElo "3129"]
[TimeControl "180+1"]
[EndTime "14:27:46 PDT"]
[Termination "Polish_fighter3000 won by resignation"]

1. e4 c5 2. Nf3 e6 3. d4 cxd4 4.
Nxd4 Nc6 5. c3 Qc7 6. g3 Nf6 7. Bg2 d6 8. O-O Be7 9. Na3 O-O 10. Ndb5 Qb8 11. Nc4 Rd8 12. Bf4 a6 13. Nbxd6 e5 14.
Nxe5 Bxd6 15. Nxc6 bxc6 16. e5 Bc7 17. Qa4 Bxe5 18.
Qxc6 Ra7 19. Rad1 Bd7 20. Bxe5 Qxe5 21. Qb6 Qb8 22. Qd4 Rc7 23. b4 Rdc8 24. Qd6 Rxc3 25. Qxa6 Bb5 26. Qa5 Bxf1 27. Bxf1 Rc1 28. Rxc1 Rxc1 29.
b5 h5 30. a4 Rb1 31. Qd2 Qe8 32. Qd3 Qe4 33. a5 Qxd3 0-1

[Event "Late-Titled-Tuesday-Blitz-March-19-2024"]
[Site "Chess.com"]
[Date "2024.03.19"]
[Round "3"]
[White "MagnusCarlsen"]
[Black "Evgeny81"]
[Result "1-0"]
[WhiteElo "3257"]
[BlackElo "2788"]
[TimeControl "180+1"]
[EndTime "14:27:47 PDT"]
[Termination "MagnusCarlsen won by resignation"]

1. b4 d5 2. Bb2 Nf6 3. e3 g6 4.
c4 dxc4 5. Bxc4 Bg7 6. Nf3 O-O 7. O-O a5 8. b5 Nbd7 9. d4 Nb6 10. Be2 Bf5 11. Nc3 a4 12. Ba3 Re8 13. Rc1 Ne4 14. h3 Nxc3 15. Rxc3 Be4 16. Qd2 Rc8 17. Rfc1 Nd5 18.
Rc5 e6 19. Qb2 Bf8 20. Nd2 Bxc5 21. dxc5 Nf6 22. Rd1 Bd5 23. e4 c6 24. exd5 exd5 25. Bd3 Nh5 26. Qd4 Qg5 27. Bb2 f6 28. Nf3 Qf4 29. Bc1 Qxd4 30. Nxd4 Ng7 31. bxc6 bxc6 32. Ba6 Rc7 33. Bf4 Ra7 34. Bd3 Rc8 35. Rb1 a3 36.
Rb6 Ra4 37. Be3 f5 38. Nxc6 Re8 39. Nb4 f4 40. Bd2 Ne6 41. Bb5 Rd8 42. Bxa4 1-0

[Event "Late-Titled-Tuesday-Blitz-March-19-2024"]
[Site "Chess.com"]
[Date "2024.03.19"]
[Round "3"]
[White "krzyzan94"]
[Black "ZachHKL"]
[Result "1-0"]
[WhiteElo "2794"]
[BlackElo "2215"]
[TimeControl "180+1"]
[EndTime "14:27:47 PDT"]
[Termination "krzyzan94 won by checkmate"]

1. Nf3 d5 2. g3 Nf6 3. Bg2 Bf5 4. O-O e6 5. c4 Be7 6. d3 O-O 7. Nc3 c5 8. Bg5 Nc6 9. Nh4 d4 10. Nxf5 exf5 11. Bxf6 Bxf6 12. Nd5 Be5 13. a3 a5 14. b4 axb4 15. axb4 Nxb4 16. Nxb4 cxb4 17. Bxb7 Rxa1 18.
Qxa1 Qb6 19. Bd5 f4 20. Qa4 Rd8 21. Rb1 fxg3 22. hxg3 Bd6 23. Kg2 h6 24. Ra1 b3 25.
c5 Bxc5 26. Qxb3 Qxb3 27. Bxb3 g6 28. Ra5 Bb6 29. Rb5 Rd6 30. Re5 Kg7 31. Re7 Rf6 32. Rd7 Ba5 33. e4 dxe3 34. fxe3 Bd2 35. e4 Be3 36. e5 Rf2+ 37. Kh3 h5 38. e6 g5 39. g4 h4 40. Bd5 Bf4 41. Rxf7+ Kg6 42.
Be4+ Kh6 43. Rh7# 1-0

[Event "Late-Titled-Tuesday-Blitz-March-19-2024"]
[Site "Chess.com"]
[Date "2024.03.19"]
[Round "3"]
[White "Pingah9"]
[Black "NikoTheodorou"]
[Result "0-1"]
[WhiteElo "2575"]
[BlackElo "3097"]
[TimeControl "180+1"]
[EndTime "14:27:48 PDT"]
[Termination "NikoTheodorou won by checkmate"]

1. e4 e5 2. Nf3 Nc6 3. Bb5 a6 4. Ba4 f5 5. d3 fxe4 6. dxe4 Nf6 7.
Be3 d6 8. Nc3 Be7 9. h3 b5 10. Bb3 Na5 11. Qd3 Nxb3 12. axb3 Bb7 13. Nd2 O-O 14. O-O c6 15. Ne2 d5 16. Ng3 Qe8 17. Nf5 Rd8 18. Bb6 Rd7 19. Qg3 g6 20. Rfe1 Nh5 21. Qg4 Bc8 22. Nh6+ Kh8 23. Qe6 Bg5 24.
Qxc6 Bxd2 25. exd5 Bxh6 26. Bc7 Bg7 27. Re2 Nf4 28.
Re3 Qf7 29. d6 Ne6 30. Bb8 Bb7 31. Qb6 Qxf2+ 32. Kh1 Qxg2# 0-1

[Event "Late-Titled-Tuesday-Blitz-March-19-2024"]
[Site "Chess.com"]
[Date "2024.03.19"]
[Round "3"]
[White "chessamical"]
[Black "GiorgianBarbosa"]
[Result "0-1"]
[WhiteElo "2267"]
[BlackElo "2532"]
[TimeControl "180+1"]
[EndTime "14:27:49 PDT"]
[Termination "GiorgianBarbosa won on time"]

1. d4 Nf6 2. c4 g6 3. f3 Bg7 4. e4 O-O 5. Nc3 c5 6. d5 d6 7. Nge2 e6 8. Ng3 exd5 9. cxd5 a6 10. a4 h5 11. Be2 h4 12. Nf1 Nh5 13. g4 Nf6 14.
Bg5 Nbd7 15. Qd2 h3 16. Ne3 Rb8 17. Nc4 Qc7 18. Bf4 Ne8 19. a5 b5 20. axb6 Nxb6 21. O-O Nxc4 22. Bxc4 Bd4+ 23. Kh1 Rb4 24. b3 Nf6 25.
Rae1 Nd7 26. Bh6 Re8 27. Ne2 Bh8 28. Ng1 Ne5 29. Nxh3 Nxc4 30. bxc4 Qe7 31. Bg5 Qe5 32.
Bf4 Qf6 33. g5 Qe7 34. Nf2 Rxc4 35. h3 Rb4 36. Ng4 Bxg4 37. hxg4 a5 38. Rf2 a4 39. Rh2 Be5 40. Rh6 Rb2 0-1

[Event "Late-Titled-Tuesday-Blitz-March-19-2024"]
[Site "Chess.com"]
[Date "2024.03.19"]
[Round "3"]
[White "Kostukov_Alex"]
[Black "YEIKO2017"]
[Result "1-0"]
[WhiteElo "2277"]
[BlackElo "2489"]
[TimeControl "180+1"]
[EndTime "14:27:50 PDT"]
[Termination "Kostukov_Alex won by resignation"]

1. g3 c5 2. Bg2 g6 3. c4 Bg7 4.
Nf3 Nc6 5. O-O Nf6 6. d4 cxd4 7. Nxd4 O-O 8. c5 Qa5 9. Nb3 Qc7 10. Bf4 e5 11. Bg5 b6 12. Qd6 Qxd6 13. cxd6 Ba6 14.
Nc3 Rac8 15. Rfc1 Nd4 16. Nxd4 exd4 17. Bxf6 Bxf6 18. Nd5 Kg7 19. Bf3 Be5 20. Rc7 Rxc7 21.
dxc7 Rc8 22. Rc1 f5 23. a4 Kf7 24. Nb4 Bxe2 25. Bxe2 Rxc7 26. Rxc7 Bxc7 27. Bc4+ Kf8 28. Nd5 Be5 29. b3 Ke8 30. f4 Bg7 31. Kf1 d6 32.
Ke2 Kd7 33. Kd3 Kc6 34. b4 a5 35. b5+ Kc5 36. Bb3 Bh8 37. Nc7 Kb4 38. Bd1 h6 39. h4 Bg7 40. Nd5+ Kc5 41. Ne7 g5 1-0

[Event "Late-Titled-Tuesday-Blitz-March-19-2024"]
[Site "Chess.com"]
[Date "2024.03.19"]
[Round "3"]
[White "Heydarli77"]
[Black "YurasovMat-2012"]
[Result "1-0"]
[WhiteElo "2369"]
[BlackElo "2600"]
[TimeControl "180+1"]
[EndTime "14:27:51 PDT"]
[Termination "Heydarli77 won by resignation"]

1. d4 d5 2. c4 c6 3. cxd5 cxd5 4. Nc3 Nf6 5. Nf3 Nc6 6. Bf4 Bf5 7. e3 e6 8. Qb3 Bb4 9. Bb5 O-O 10. Bxc6 Bxc3+ 11. Qxc3 bxc6 12. O-O Rc8 13. Qc5 Ne4 14. Qxa7 c5 15.
dxc5 Nxc5 16. Nd4 Bd3 17. Rfc1 Bc4 18. b3 Nd3 19. bxc4 e5 20. Bxe5 Nxe5 21. c5 Nd3 22. Rc3 Ne5 23. c6 Nc4 24. Qc5 Nd2 25. Rc2 Ne4 26.
Qa7 Ra8 27. Qd7 Qf6 28. c7 Rac8 29. Qxd5 Rfe8 30. g3 g6 31. Qd7 h5 32. h4 Kg7 33. a4 Nd6 34. Rc6 Re6 35. Nxe6+ 1-0

[Event "Late-Titled-Tuesday-Blitz-March-19-2024"]
[Site "Chess.com"]
[Date "2024.03.19"]
[Round "3"]
[White "rhwr"]
[Black "hblanco"]
[Result "0-1"]
[WhiteElo "2322"]
[BlackElo "2692"]
[TimeControl "180+1"]
[EndTime "14:27:51 PDT"]
[Termination "hblanco won on time"]

1. e4 e5 2. Nf3 Nc6 3. Bb5 f5 4. d3 fxe4 5. dxe4 Nf6 6. Bxc6 bxc6 7. Nc3 Bb4 8. O-O Bxc3 9. bxc3 d6 10. Bg5 O-O 11. Nd2 Be6 12. c4 c5 13. c3 Qe8 14.
Bxf6 Rxf6 15. Qe2 Qa4 16. Rfb1 Rff8 17. Rb2 Rab8 18. Rab1 Rb6 19. Rxb6 axb6 20. Rb2 Qa3 21.
Nb3 Kh8 22. h3 Bxc4 23. Qd2 h6 24. Nc1 Ra8 25. Nb3 Qa4 26. f4 exf4 27. Qxf4 Bxb3 28. Rxb3 Qxa2 29. Qf7 Qa1+ 30. Kh2 Qe1 31. Qf3 Re8 32. Ra3 Qxe4 33. Qf7 Qe5+ 34. Kh1 Qe7 35. Qf3 Qf6 36.
Qg3 Qf1+ 37. Kh2 Re1 38. Qg4 Qg1+ 39. Kg3 Re3+ 40. Kh4 Qe1+ 41. Kh5 Re5+ 42. Kg6 Rg5+ 43. Qxg5 Qe8+ 44. Kf5 Qe5+ 45. Kg6 Qxg5+ 46. Kf7 Qf6+ 47.
Ke8 Kg8 0-1

[Event "Late-Titled-Tuesday-Blitz-March-19-2024"]
[Site "Chess.com"]
[Date "2024.03.19"]
[Round "3"]
[White "alexrustemov"]
[Black "AGW2016"]
[Result "1-0"]
[WhiteElo "2871"]
[BlackElo "2542"]
[TimeControl "180+1"]
[EndTime "14:27:52 PDT"]
[Termination "alexrustemov won by checkmate"]

1. d4 Nf6 2. c4 g6 3. Nf3 Bg7 4. g3 O-O 5. Bg2 d6 6. Nc3 c6 7. e4 Bg4 8. Be3 e5 9. h3 Bxf3 10. Bxf3 Nbd7 11. O-O Qc7 12. Qd2 Rfe8 13. Rfe1 Rad8 14.
Rad1 a5 15. b3 exd4 16. Bxd4 Nc5 17. Bg2 Qb8 18. f4 b5 19. cxb5 cxb5 20. Bxc5 dxc5 21.
Qc2 Nh5 22. Kh2 Bd4 23. Nd5 Qb7 24. Bf3 Ng7 25. Qg2 Kh8 26. Re2 Rf8 27. Red2 a4 28. g4 axb3 29. axb3 Qb8 30. e5 Ne6 31. Qg3 Rxd5 32. Bxd5 Nxf4 33. Rxd4 Ne2 34. Qe3 Nxd4 35. b4 Nc2 36. Qf4 Nxb4 37. Bxf7 Nc6 38. Qf6# 1-0

[Event "Late-Titled-Tuesday-Blitz-March-19-2024"]
[Site "Chess.com"]
[Date "2024.03.19"]
[Round "3"]
[White "Seochesspie"]
[Black "Yurovskykh_Oleksandr"]
[Result "1-0"]
[WhiteElo "2863"]
[BlackElo "2613"]
[TimeControl "180+1"]
[EndTime "14:27:54 PDT"]
[Termination "Seochesspie won on time"]

1. e4 e6 2. d4 d5 3. e5 c5 4. c3 Qb6 5. Nf3 Nc6 6. a3 c4 7.
Nbd2 Na5 8. h4 Bd7 9. h5 h6 10. g3 Ne7 11. Bh3 Qc7 12. O-O Nc8 13. Re1 Nb6 14.
Nf1 Ba4 15. Qe2 O-O-O 16. Bf4 Be7 17. N1d2 Kb8 18. Kh2 Ka8 19. g4 Rdg8 20. Bg3 g6 21. Rac1 Qd8 22. Rg1 Nb3 23. Nxb3 Bxb3 24. Nd2 Ba4 25.
f4 gxh5 26. gxh5 Bh4 27. Qf2 Bxg3+ 28. Rxg3 Rxg3 29. Qxg3 Rg8 30. Qf2 Bd7 31. Nf1 Na4 32. Ne3 f5 33. exf6 Qxf6 34. Ng4 Qf8 35. Ne5 Bc8 36. Re1 Qf6 37. Ng6 a6 38. Qe2 Re8 39. Rg1 Bd7 40. Rg2 Ka7 41. Qe5 Qd8 42. Qg7 Bc8 43.
Qxh6 Qb6 44. Qg7 Nxb2 45. h6 Qb3 46. Qf7 Rd8 47. Qe7 Rd7 48. Qe8 1-0

[Event "Late-Titled-Tuesday-Blitz-March-19-2024"]
[Site "Chess.com"]
[Date "2024.03.19"]
[Round "3"]
[White "SharathRk6"]
[Black "djano"]
[Result "1-0"]
[WhiteElo "2448"]
[BlackElo "2618"]
[TimeControl "180+1"]
[EndTime "14:27:54 PDT"]
[Termination "SharathRk6 won by checkmate"]

1. e4 c5 2. Nf3 Nc6 3. Bb5 g5 4. Nxg5 Nf6 5. d3 Rg8 6. O-O Nd4 7. Bc4 d5 8. exd5 h6 9. Ne4 b5 10. Nxf6+ exf6 11. Re1+ Be7 12. Bb3 Bg4 13. Qd2 Nf3+ 14.
gxf3 Bh3+ 15. Kh1 Bg2+ 16. Kg1 Bxf3+ 17. Kf1 Qd7 18. Rxe7+ Qxe7 19. Qe3 Be2+ 20. Kxe2 Rg1 21. Qxe7+ Kxe7 22. Be3 Kd6 23. a4 b4 24. c3 f5 25.
c4 Re8 26. Kf3 Reg8 27. Bc2 a5 28. Ra2 h5 29. Nd2 h4 30. Nb3 Rh1 31. Bf4+ Kd7 32. Nxc5+ Kc8 33. d4 h3 34. Bxf5+ Kd8 35. b3 Rhg1 36.
Re2 R1g2 37. Nb7# 1-0

[Event "Late-Titled-Tuesday-Blitz-March-19-2024"]
[Site "Chess.com"]
[Date "2024.03.19"]
[Round "3"]
[White "Nicolik"]
[Black "BardArtem"]
[Result "0-1"]
[WhiteElo "2518"]
[BlackElo "2741"]
[TimeControl "180+1"]
[EndTime "14:27:55 PDT"]
[Termination "BardArtem won by resignation"]

1. d4 d5 2. c4 dxc4 3. e4 b5 4.
a4 c6 5. axb5 cxb5 6. Nc3 b4 7.
Nd5 e6 8. Bxc4 Bb7 9. Qa4+ Nd7 10. Nxb4 Bxe4 11. Nf3 Bxf3 12. gxf3 Nf6 13. Bf4 Bxb4+ 14. Qxb4 Qb6 15. Qxb6 Nxb6 16. Bb5+ Ke7 17. Rc1 Nfd5 18. Bd2 Rhc8 19. Ke2 a6 20. Bd3 Na4 21. Rb1 Rab8 22. Bxa6 Rc6 23. Bd3 Rxb2 24. Rxb2 Nxb2 25. Be4 f5 26.
Bxd5 exd5 27. Rb1 Rc2 28. Ke1 Nd3+ 29. Kd1 Rb2 30. Ra1 Nxf2+ 31. Ke2 Nh3 32. Ra7+ Kf8 33. Kd3 Rb3+ 34. Ke2 Ng1+ 35. Kf2 Nxf3 36. Be3 Nh4 37.
Ra8+ Kf7 38. Ra7+ Kg6 39. Rd7 f4 40. Bd2 Rb2 41. Ke1 Nf3+ 0-1

[Event "Late-Titled-Tuesday-Blitz-March-19-2024"]
[Site "Chess.com"]
[Date "2024.03.19"]
[Round "3"]
[White "xxysoul6"]
[Black "marcodobrikov"]
[Result "1-0"]
[WhiteElo "2954"]
[BlackElo "2699"]
[TimeControl "180+1"]
[EndTime "14:27:56 PDT"]
[Termination "xxysoul6 won by resignation"]

1. d4 d5 2. Nf3 c6 3. Bf4 Bf5 4. e3 e6 5. c4 Bxb1 6. Qxb1 Bb4+ 7.
Kd1 Nf6 8. c5 Ba5 9. Bd3 Nbd7 10. Ke2 Bc7 11. Bg5 Qe7 12. b4 e5 13. Bf5 exd4 14. Nxd4 Be5 15. Qd3 g6 16. Bh3 O-O 17. Rhd1 Rfe8 18. Kf1 Qf8 19. a4 a5 20. Bxf6 Nxf6 21. b5 Qxc5 22. Rac1 Qb4 23. bxc6 bxc6 24.
Nxc6 Qxa4 25. g3 Ne4 26. Bd7 Qa2 27. Rc2 Bb2 28. Bxe8 Rxe8 29. Qxd5 Qxd5 30. Rxd5 Bf6 31. Rxa5 h5 32. Rb5 Kg7 33. Rb8 Re6 34. Rb4 Ng5 35. Kg2 Rd6 36. e4 Rd1 37. e5 Bd8 38.
Rd4 Rxd4 39. Nxd4 Ne4 40. e6 Bf6 41. Re2 Ng5 42. e7 Bxe7 43. Rxe7 Kf6 44. Ra7 Ne4 45.
h4 Ke5 46. Nf3+ Kf6 47. Ng5 Nd6 48. Rd7 Ke5 49. Nxf7+ Ke6 50. Rxd6+ Kxf7 51. Kf3 g5 52. hxg5 1-0

[Event "Late-Titled-Tuesday-Blitz-March-19-2024"]
[Site "Chess.com"]
[Date "2024.03.19"]
[Round "3"]
[White "diamonds13"]
[Black "Byniolus"]
[Result "0-1"]
[WhiteElo "2373"]
[BlackElo "2797"]
[TimeControl "180+1"]
[EndTime "14:27:57 PDT"]
[Termination "Byniolus won by checkmate"]

1. d4 d6 2. e4 Nf6 3. Bd3 e5 4.
c3 d5 5. dxe5 dxe4 6. Bb5+ c6 7.
Qxd8+ Kxd8 8. exf6 cxb5 9. Bg5 Ke8 10. Nd2 Bf5 11. g4 Bxg4 12. Nxe4 Nd7 13. fxg7 Bxg7 14. f3 Bh5 15. O-O-O f6 16. Nd6+ Kf8 17. Nxb7 Ne5 18.
Bf4 Nxf3 19. Rf1 Nxg1 20. Rhxg1 Bg6 21. Nc5 Kf7 22. Nd7 Rhe8 23. Bg5 Re6 24. Bh4 Rd8 25.
Nc5 Re2 26. Rf2 Rdd2 27. Rgf1 Bh6 28. Rxf6+ Kg8 29. Ne6 Rc2+ 30. Kd1 Red2+ 31. Ke1 Rc1# 0-1

[Event "Late-Titled-Tuesday-Blitz-March-19-2024"]
[Site "Chess.com"]
[Date "2024.03.19"]
[Round "3"]
[White "masnyszachistaaa"]
[Black "ViIIagra"]
[Result "1-0"]
[WhiteElo "2569"]
[BlackElo "2905"]
[TimeControl "180+1"]
[EndTime "14:27:57 PDT"]
[Termination "masnyszachistaaa won by resignation"]

1. c4 d6 2. Nf3 e5 3. e4 Bg4 4. Be2 Nf6 5. Nc3 Be7 6. O-O c5 7. d3 O-O 8. Bg5 Ne8 9. Bxe7 Qxe7 10. Nd5 Qd8 11. Ne1 Be6 12. Nc2 Nc6 13. f4 Nd4 14.
Nce3 Bxd5 15. Nxd5 Nc7 16. fxe5 dxe5 17. Bg4 Nxd5 18.
cxd5 Qd6 19. Rc1 b6 20. Qd2 f6 21. Qe3 Rf7 22. Qh3 Re8 23. Rf2 g6 24. Rcf1 Kg7 25. Qh4 Ref8 26. Bd1 f5 27. g3 f4 28. gxf4 exf4 29. Kh1 f3 30. Qg3 Rf4 31. Bxf3 Qf6 32.
Kg2 Nxf3 33. Rxf3 Rxf3 34. Rxf3 Qxb2+ 35. Kh3 Rxf3 36. Qxf3 Qf6 37. Qg4 h5 38. Qd7+ Kh6 39.
Kg2 Qg5+ 40. Kf3 Qd2 41. Qe8 Qxd3+ 42. Kf4 Qd2+ 43. Ke5 Qxh2+ 44. Ke6 Qf4 45. e5 c4 46. Qh8+ Kg5 47. Qf6+ Qxf6+ 48. exf6 c3 49. f7 c2 50. f8=Q c1=Q 51. Qf6+ Kg4 52. Qxg6+ Kh4 53. Qf6+ Kg3 54. d6 Qc4+ 55. Ke7 Qe4+ 56. Qe6 Qh7+ 57. Qf7 Qe4+ 58. Kf8 h4 59. d7 Qd3 60. Qg7+ Kf2 61. Qf6+ 1-0

[Event "Late-Titled-Tuesday-Blitz-March-19-2024"]
[Site "Chess.com"]
[Date "2024.03.19"]
[Round "3"]
[White "vladislavkovalev"]
[Black "m_ezat"]
[Result "1-0"]
[WhiteElo "2868"]
[BlackElo "2606"]
[TimeControl "180+1"]
[EndTime "14:27:58 PDT"]
[Termination "vladislavkovalev won by resignation"]

1. e4 e5 2. Nf3 Nc6 3. Bb5 Nge7 4. Nc3 d6 5. d4 Bd7 6. dxe5 dxe5 7. O-O a6 8. Bc4 h6 9. Be3 Bg4 10. Nd5 Ng6 11.
h3 Bxf3 12. Qxf3 Nd4 13. Bxd4 exd4 14. e5 Nh4 15. Qe4 c6 16. Nf6+ gxf6 17. exf6+ Kd7 18. Qxd4+ Kc7 19. Qxh4 Qd6 20. Rad1 Qe5 21. Rfe1 Qg5 22. Qxg5 hxg5 23. Bxf7 Bd6 24. Re7+ Bxe7 25. fxe7 Rae8 26. Bxe8 Rxe8 27. Re1 Kd7 28. g3 c5 29. Kg2 b5 30.
Kf3 a5 31. b3 a4 32. bxa4 bxa4 33. c4 a3 34. Re4 Kd6 35. Kg4 Kd7 36. Kf5 g4 37. hxg4 Kd6 38. Kf6 Kd7 39. Kf7 1-0

[Event "Late-Titled-Tuesday-Blitz-March-19-2024"]
[Site "Chess.com"]
[Date "2024.03.19"]
[Round "3"]
[White "Bastiandash"]
[Black "HanSchut"]
[Result "1-0"]
[WhiteElo "2605"]
[BlackElo "2318"]
[TimeControl "180+1"]
[EndTime "14:27:58 PDT"]
[Termination "Bastiandash won on time"]

1. e4 c5 2. b3 Nc6 3. Bb2 d6 4. Bb5 Bd7 5. f4 Nd4 6. Bxd7+ Qxd7 7. Nf3 Nxf3+ 8. Qxf3 e6 9. O-O d5 10. d3 O-O-O 11.
Nd2 d4 12. a4 Nf6 13. Nc4 Be7 14. a5 Kb8 15. Ne5 Qe8 16. c3 dxc3 17. Bxc3 Rg8 18. Nc4 Qd7 19. Be5+ Kc8 20. a6 Qxd3 21. Nb6+ axb6 22.
a7 Qxf3 23. a8=Q+ Kd7 24. Qxb7+ Ke8 25. Qc6+ Kf8 26. Rxf3 Nd7 27. Bd6 f6 28. Rd1 Nb8 29. Qc7 1-0

[Event "Late-Titled-Tuesday-Blitz-March-19-2024"]
[Site "Chess.com"]
[Date "2024.03.19"]
[Round "3"]
[White "rhungaski"]
[Black "kleinebeer98"]
[Result "0-1"]
[WhiteElo "2610"]
[BlackElo "2870"]
[TimeControl "180+1"]
[EndTime "14:27:59 PDT"]
[Termination "kleinebeer98 won on time"]

1. e4 e5 2. Nf3 Nc6 3. Nc3 Nf6 4. d4 exd4 5. Nxd4 Nxe4 6. Nxe4 Qe7 7. Qd3 d5 8. Nxc6 bxc6 9. Bf4 Bf5 10. O-O-O Bxe4 11. Qa6 Qc5 12. Bd3 Bd6 13. Be3 Bxd3 14. Rxd3 Qb5 15.
Qxb5 cxb5 16. Rxd5 a6 17. Bc5 Bxc5 18. Rxc5 O-O-O 19. a4 bxa4 20. Re1 Rhe8 21. Rxe8 Rxe8 22. Kd2 Kb7 23. Rc4 Rd8+ 24. Kc3 a3 25. bxa3 Rd1 26. Rb4+ Kc6 27. Rc4+ Kb6 28. Rb4+ Ka5 29. Rc4 Rd7 30. h4 g6 31. g3 Re7 32. h5 Kb5 33. h6 c5 34. Rf4 f5 35. g4 fxg4 36. Rxg4 Rf7 37.
f4 Rf5 38. a4+ Kxa4 39. Kc4 Rh5 40. Rg5 Rxh6 41. Kxc5 Rh2 42. c4 Rf2 43. Rg4 a5 44.
Kb6 Rb2+ 45. Kc6 Kb3 46. c5 a4 47. Rg3+ Kb4 48. Kb6 a3 49. Rg1 Kc4+ 50. Kc7 Kxc5 51.
Ra1 a2 0-1

[Event "Late-Titled-Tuesday-Blitz-March-19-2024"]
[Site "Chess.com"]
[Date "2024.03.19"]
[Round "3"]
[White "AntonovaNadezhda"]
[Black "Godzillator"]
[Result "0-1"]
[WhiteElo "2180"]
[BlackElo "2404"]
[TimeControl "180+1"]
[EndTime "14:27:59 PDT"]
[Termination "Godzillator won by checkmate"]

1. Nf3 Nf6 2. b3 g6 3. Bb2 Bg7 4. g3 O-O 5. Bg2 d5 6. O-O c6 7. d4 Bf5 8. c4 a5 9. Nc3 Ne4 10. cxd5 Nxc3 11. Bxc3 cxd5 12. a3 Be4 13. Qd2 Nc6 14.
b4 axb4 15. axb4 Qb6 16. Qb2 e6 17. Rfd1 Rxa1 18. Qxa1 Qb5 19. e3 h6 20. Nd2 Bxg2 21.
Kxg2 Rc8 22. Qb2 Ra8 23. Nb3 b6 24. Nd2 Ra4 25. Rb1 Bf8 26. Nf3 Nxb4 27. Ne5 Kg7 28. h4 f6 29. Ng4 h5 30. Nh2 Qc4 31. Bxb4 Rxb4 32. Qa1 Ra4 33. Qb2 Ra6 34. g4 Bd6 35. gxh5 Bxh2 36. Kxh2 Ra2 37. Qxb6 Rxf2+ 38. Kg3 Qe2 39.
h6+ Kxh6 40. Qxe6 Qf3# 0-1

[Event "Late-Titled-Tuesday-Blitz-March-19-2024"]
[Site "Chess.com"]
[Date "2024.03.19"]
[Round "3"]
[White "flawian2008"]
[Black "CristianS27"]
[Result "1-0"]
[WhiteElo "2329"]
[BlackElo "2510"]
[TimeControl "180+1"]
[EndTime "14:28:00 PDT"]
[Termination "flawian2008 won by resignation"]

1. d4 Nf6 2. c4 g6 3. Nc3 Bg7 4. e4 d6 5. h3 O-O 6. Be3 e5 7.
d5 Na6 8. g4 Nc5 9. f3 a5 10.
Qd2 c6 11. Nge2 Bd7 12. Ng3 h5 13. gxh5 Nxh5 14. Nxh5 Qh4+ 15. Qf2 Qxh5 16. O-O-O Bh6 17. Be2 Bxe3+ 18. Qxe3 Qh4 19. Rhg1 Kg7 20. dxc6 Bxc6 21. Rxd6 Ne6 22. Rxe6 fxe6 23. Qc5 Qf4+ 24. Kc2 Rad8 25. Qe7+ Qf7 26. Qg5 Qf6 27. Qg3 Rd4 28. h4 Rh8 29.
Qg4 Rxh4 30. Qg3 Rh8 31. Qe1 Rc8 32. f4 Be8 33. fxe5 Qxe5 34. Qh4 Qf6 35. Qg3 b5 36. Rf1 Qd8 37. Qe5+ Kg8 38. Rh1 Rd2+ 39. Kb1 Qd4 40. Qxe6+ Kg7 41. Qe7+ Kg8 42. Qh7+ Kf8 43. Rf1+ Qf2 44.
Rxf2+ 1-0

[Event "Late-Titled-Tuesday-Blitz-March-19-2024"]
[Site "Chess.com"]
[Date "2024.03.19"]
[Round "3"]
[White "Actuary44"]
[Black "I-Mesquita"]
[Result "0-1"]
[WhiteElo "2509"]
[BlackElo "2721"]
[TimeControl "180+1"]
[EndTime "14:28:01 PDT"]
[Termination "I-Mesquita won on time"]

1. e4 e5 2. d4 exd4 3. c3 Qe7 4. Qxd4 Nc6 5. Qe3 Nf6 6. Bd3 d5 7. exd5 Qxe3+ 8. Bxe3 Nxd5 9. Bd2 Bg4 10. f3 Bh5 11. Ne2 O-O-O 12. Bf5+ Kb8 13. O-O Bc5+ 14. Kh1 Be3 15. Be1 Rhe8 16. Na3 Bc5 17. Ng3 Ne3 18. Nxh5 Nxf1 19. Nxg7 Rg8 20. Nh5 Ne3 21. Be4 Rxg2 22. Nc4 Re2 23. Nxe3 Bxe3 24. Ng3 Rxb2 25. Bxh7 Rh8 26. Rb1 Rxa2 27. Nf1 Rxh7 28. Nxe3 Rhxh2+ 29. Kg1 Ne5 0-1

[Event "Late-Titled-Tuesday-Blitz-March-19-2024"]
[Site "Chess.com"]
[Date "2024.03.19"]
[Round "3"]
[White "1g60-1"]
[Black "ventdelest"]
[Result "1-0"]
[WhiteElo "2368"]
[BlackElo "2021"]
[TimeControl "180+1"]
[EndTime "14:28:01 PDT"]
[Termination "1g60-1 won on time"]

1. e4 d6 2. d4 Nf6 3. Nc3 g6 4. Be3 Bg7 5. f3 O-O 6. Qd2 e5 7. O-O-O exd4 8. Bxd4 Nc6 9. Be3 Be6 10. h4 h5 11. Bh6 Ne5 12. Bxg7 Kxg7 13. Nh3 Bxh3 14. Rxh3 Qe7 15. Be2 Rad8 16. Rg1 c6 17. g4 d5 18. g5 Nh7 19. exd5 cxd5 20. Qd4 Kg8 21. Rhh1 Qe6 22. Qxa7 d4 23. Ne4 Ra8 24. Qxd4 Rxa2 25.
Nc3 Nc6 26. Qe4 Ra1+ 27. Kd2 Rd8+ 28. Bd3 Rxg1 29. Rxg1 Qh3 30. Re1 Qh2+ 31. Re2 Qg3 32. Nd5 Nd4 33. Qxd4 Rxd5 34. Qxd5 Qf4+ 35. Kd1 Qxh4 36.
Bxg6 Qh1+ 37. Re1 Qxf3+ 38. Qxf3 fxg6 39. Re7 Nxg5 40. Qf6 1-0

[Event "Late-Titled-Tuesday-Blitz-March-19-2024"]
[Site "Chess.com"]
[Date "2024.03.19"]
[Round "3"]
[White "DanielNaroditsky"]
[Black "kids2010"]
[Result "1-0"]
[WhiteElo "3168"]
[BlackElo "2769"]
[TimeControl "180+1"]
[EndTime "14:28:02 PDT"]
[Termination "DanielNaroditsky won by resignation"]

1. e4 c6 2. Nf3 d5 3. exd5 cxd5 4.
d4 Nc6 5. Bb5 Bd7 6. c4 a6 7.
Ba4 Nf6 8. cxd5 Nxd5 9. O-O e6 10. Nc3 Be7 11. Bc2 O-O 12. Qd3 Nf6 13. a3 h6 14. d5 exd5 15. Nxd5 g6 16. Nxe7+ Qxe7 17. Re1 Be6 18. Bxh6 Rfd8 19. Qe3 Ng4 20. Qf4 Qc5 21. Re2 Nd4 22. Nxd4 Rxd4 23. Qg5 Rd5 24. Qc1 Rad8 25. Bf4 Bf5 26. Bb3 Qxc1+ 27. Rxc1 Rb5 28.
Ba4 Rbd5 29. h3 Nf6 30. Bb3 R5d7 31. g4 Bd3 32. Re5 Ne4 33. Re1 Nd6 34. Bg5 Nb5 35.
Bxd8 Rxd8 36. Re8+ Rxe8 37. Rxe8+ Kg7 38. Re7 Nd4 39.
Rxf7+ Kh6 40. Bd5 1-0